 Dungeon Crawl Stone Soup version 0.29-a0-1006-g0dd7720b37 (webtiles) character file.

Game seed: 8881330946630272796

156 garrulousMonolith the Chopper (level 5, -3/46 HPs)
             Began as a Hill Orc Fighter on Aug 6, 2022.
             Splashed by a jelly's acid (7 damage)
             ... on level 3 of the Dungeon.
             The game lasted 00:02:24 (2785 turns).

garrulousMonolith the Chopper (Hill Orc Fighter)    Turns: 2785, Time: 00:02:25

Health: -3/46      AC:  1    Str: 19    XL:     5   Next: 38%
Magic:  6/6        EV: 13    Int: 13    God:
Gold:   215        SH:  9    Dex: 10    Spells: 2/4 levels left

rFire   . . .      SeeInvis .   u - +3 hand axe
rCold   . . .      Faith    .   c - +0 buckler
rNeg    . . .      Spirit   .   b - +0 scale mail
rPois   .          Reflect  +   n - +0 helmet {Int+3}
rElec   .          Harm     .   (no cloak)
rCorr   .          Rampage  .   (no gloves)
Will    .....                   m - +0 pair of boots
Stlth   ..........              v - amulet of reflection
HPRegen 0.15/turn               h - +4 ring of evasion
MPRegen 0.10/turn               (no ring)

@: corroded, attractive
A: no striking features
a: no special abilities


You were on level 3 of the Dungeon.
You visited 1 branch of the dungeon, and saw 3 of its levels.

You collected 215 gold pieces.

Inventory:

Hand Weapons
 a - a +0 war axe
 u - a +3 hand axe (weapon)
 x - a +0 dagger of venom
Armour
 b - a +0 scale mail (worn)
 c - a +0 buckler (worn)
 m - a +0 pair of boots (worn)
 n - a +0 helmet of intelligence (worn)
Jewellery
 h - a +4 ring of evasion (left hand)
 v - an amulet of reflection (around neck)
Scrolls
 d - a scroll of enchant armour {unknown}
 e - a scroll of immolation {unknown}
 f - 2 scrolls of identify {unknown}
 g - a scroll of amnesia {unknown}
 l - a scroll of fear {unknown}
 o - a scroll of brand weapon {unknown}
 r - a scroll of vulnerability {unknown}
 t - a scroll of fog {unknown}
Potions
 i - a potion of attraction
 j - a potion of heal wounds {unknown}
 k - a potion of haste {unknown}
 p - 2 potions of magic {unknown}
 q - a potion of degeneration {unknown}
 s - a potion of lignification {unknown}
 w - a potion of might


   Skills:
 + Level 4.2 Fighting
 * Level 4.3 Axes
 + Level 3.9 Armour
 + Level 1.3 Dodging
 + Level 3.9 Shields
 + Level 2.2 Invocations


You had 2 spell levels left.
You knew the following spells:

 Your Spells              Type           Power      Damage    Failure   Level
a - Blink                 Tloc           0%         N/A       87%         2

Your spell library contained the following spells:

 Spells                   Type           Power      Damage    Failure   Level
 Lesser Beckoning         Tloc           0%         N/A       98%         3
 Manifold Assault         Tloc           0%         N/A       100%        5


Dungeon Overview and Level Annotations

Branches:
Dungeon (3/15)

Altars:
Ashenzari


Message History

The hobgoblin hits you but does no damage.
You hit the hobgoblin.
The hobgoblin is lightly wounded.
The hobgoblin completely misses you.
You slash the hobgoblin!
You kill the hobgoblin!
A jelly comes into view.
Found an embroidered cloak.
Found a broken altar of Ashenzari.
You hit the jelly.
Your hands burn!
The jelly is moderately wounded.
You barely miss the jelly.
The jelly is moderately wounded.
You hit the endoplasm. You block the jelly's attack. The endoplasm freezes you.
You are frozen.
You hit the jelly. The acid corrodes you!
Your hands burn!
The jelly is heavily wounded.
You hit the endoplasm. The jelly hits you.
You are splashed with acid!
The endoplasm freezes you.
You are frozen.
You are too injured to fight recklessly!
You are too injured to fight recklessly!
You are too injured to fight recklessly!
You are too injured to fight recklessly!
There are monsters nearby!
The jelly attacks as you move away! The jelly misses you.
You hit the jelly.
Your hands burn!
The jelly is severely wounded.
The jelly hits you.
You are splashed with acid!
* * * LOW HITPOINT WARNING * * *
You hit the jelly. The acid corrodes you!
Your hands burn!
* * * LOW HITPOINT WARNING * * *
The jelly is almost dead.
The jelly barely misses you.
It was a potion of attraction.
You feel attractive to monsters. The jelly hits you.
* * * LOW HITPOINT WARNING * * *
The acid corrodes you!
You are splashed with acid!
You die...

#.###...###...# ##
#.##.....##...# #..
#.#.......#...# #..
#.#....)).'...'
...#.#.......#...#
#.#.##.....##...#
#....##...###...#
#.##########..###### #...#
#......JJ@....##...###...#
.......#####.##.....##...#
...###. #.#.......#...#
_#####. #.#..[(...'...'
... ##. #.#.......#...# ..
..[. #.##.....##...# .
.+... #.###...###...#
##.... .# ##### #...#
##...###...#


You could see a jelly and an endoplasm.

Vanquished Creatures
  7 adders
  A gnoll (D:1)
  A worm (D:3)
  2 dart slugs
  2 orcs (D:3)
  9 endoplasms
  3 giant cockroaches
  8 goblins
  12 hobgoblins
  2 quokkas
  9 ball pythons
  5 bats
  4 frilled lizards
  2 kobolds
  5 rats
72 creatures vanquished.

Notes
Turn   | Place    | Note
-------+----------+-------------------------------------------
     0 | D:1      | garrulousMonolith the Hill Orc Fighter began the quest for
                  | the Orb.
     0 | D:1      | Reached XP level 1. HP: 19/19 MP: 1/1
   130 | D:1      | Reached XP level 2. HP: 21/27 MP: 2/2
   496 | D:1      | Reached XP level 3. HP: 32/33 MP: 3/3
   500 | D:1      | Reached skill level 1 in Invocations
   915 | D:1      | Found a faded altar of an unknown god.
  1157 | D:2      | Reached XP level 4. HP: 29/40 MP: 4/4
  1245 | D:2      | Reached skill level 1 in Dodging
  1623 | D:2      | Learned a level 2 spell: Blink
  1977 | D:3      | Reached XP level 5. HP: 46/46 MP: 6/6
  2777 | D:3      | Found a broken altar of Ashenzari.
  2785 | D:3      | Splashed by a jelly's acid

Illustrated notes

Levels and vault maps discovered:
D:1:      kennysheep_arrival_forest, layout_loops_ring,
          hellmonk_ecumenical_altar_prayer_group, chequers_garden
D:2:      layout_rooms
D:3:      kennysheep_six_static_rooms, layout_basic,
          grunt_temple_overflow_lords_of_destruction, old_standard_altar,
          cheibrodos_ashenzari_chains, chequers_big_river

Skill      XL: |  1  2  3  4  5 |
---------------+----------------+-----
Axes           | 3 4 |  4.3
Invocations    | 1 2 |  2.2
Fighting       | 4 |  4.2
Dodging        | 1 |  1.3
Armour         | |  3.9
Shields        | |  3.9

Action                   |  1- 3 |  4- 6 || total
-------------------------+-------+-------++-------
Melee: War axe           |    82 |    81 ||   163
       Hand axe          |       |    23 ||    23
  Use: Potion            |     1 |     1 ||     2
Armor: Scale mail        |    33 |    37 ||    70
Dodge: Dodged            |    44 |    68 ||   112
Block: Buckler           |    25 |    16 ||    41
       Reflection        |       |     1 ||     1

Table legend: (Time is in decaauts)
 A = Elapsed time spent in this place.
 B = Non-inter-level travel time spent in this place.
 C = Inter-level travel time spent in this place.
 D = Time resting spent in this place.
 E = Time spent auto-exploring this place.
 F = Levels seen in this place.
 G = Mean time per level.
                   A        B        C        D        E       F      G
               +--------+--------+--------+--------+--------+-----+--------+
         Total |   2846 |   2803 |     43 |    245 |   2065 |   3 |  948.7 |
       Dungeon |   2846 |   2803 |     43 |    245 |   2065 |   3 |  948.7 |
               +--------+--------+--------+--------+--------+-----+--------+

Top non-repeatable levels by time:
     D:1: 1112 daAuts
     D:2: 867 daAuts
     D:3: 866 daAuts
